Map: Orbital Shipyard

Players

Niveocerus

  • Race: Protoss Protoss
  • League: Gold

Javert - Winner!

  • Race: Zerg Zerg
  • League: Gold

VOD

Have the link to the VOD?

Description

Time

  • Played on: Sept. 29, 2015, 12:56 a.m.
  • Length: 14:10
Show
View Real Time Build Order
Export as new Build Order

Niveocerus Protoss 

Build Orders:  

Get SALT Encoding   

  12  0:00  Probe (Chrono Boost)  
  13  0:10  Probe (Chrono Boost)  
  14  0:18  Pylon  
  14  0:20  Probe (Chrono Boost)  
  15  0:37  Gateway, Probe (Chrono Boost)  
  16  0:47  Probe (Chrono Boost)  
  17  0:51  Assimilator  
  17  0:57  Probe (Chrono Boost)  
  18  1:05  Pylon  
  18  1:07  Probe (Chrono Boost)  
  19  1:19  Probe (Chrono Boost)  
  19  1:25  Zealot  
  22  1:28  Cybernetics Core  
  22  1:35  Probe (Chrono Boost)  
  23  1:44  Probe (Chrono Boost)  
  24  2:00  Nexus  
  24  2:05  Stalker (Chrono Boost), Warp Gate  
  26  2:17  Probe  
  28  2:30  Assimilator  
  28  2:34  Mothership Core (Chrono Boost)  
  29  2:45  Gateway  
  29  2:48  Gateway  
  29  2:52  Pylon  
  29  2:54  Probe (Chrono Boost)  
  30  3:04  Probe (Chrono Boost)  
  31  3:14  Probe (Chrono Boost)  
  32  3:25  Probe x2 (Chrono Boost)  
  34  3:30  Robotics Facility  
  34  3:35  Probe x2 (Chrono Boost)  
  36  3:41  Pylon  
  36  3:45  Stalker, Probe x2 (Chrono Boost)  
  32  4:27  Probe (Chrono Boost)  
  32  4:30  Adept x2  
  37  4:32  Adept  
  37  4:37  Probe (Chrono Boost)  
  40  4:47  Forge  
  40  4:49  Gateway  
  40  4:51  Gateway  
  40  5:03  Probe x2 (Chrono Boost)  
  40  5:07  Immortal (Chrono Boost)  
  42  5:12  Probe (Chrono Boost)  
  42  5:13  Probe (Chrono Boost)  
  48  5:17  Protoss Ground Weapons Level 1 (Chrono Boost)  
  48  5:26  Probe  
  48  5:27  Probe  
  50  5:32  Adept  
  50  5:33  Adept x2  
  56  5:38  Probe  
  56  5:39  Probe  
  56  5:41  Immortal  
  58  5:44  Pylon  
  58  5:47  Pylon  
  62  5:55  Pylon  
  62  6:02  Probe x2, Gateway  
  64  6:05  Gateway  
  64  6:13  Warp Prism  
  64  6:21  Stalker x2  
  64  6:22  Stalker x2  
  64  6:23  Stalker  
  76  6:40  Photon Cannon  
  76  6:48  Stalker x5  
  86  7:00  Photon Cannon  
  86  7:04  Photon Cannon  
  86  7:20  Pylon x2  
  86  7:22  Pylon  
  86  7:34  Observer  
  73  8:00  Stalker x2  
  73  8:01  Stalker  
  73  8:05  Zealot x4  
  87  8:24  Zealot x3  
  83  8:43  Stalker  
  83  8:44  Stalker x2  
  89  8:55  Adept x4  
  97  9:14  Observer  
  97  9:21  Twilight Council  
  90  9:47  Adept x4  
  90  9:48  Adept x3  
  104  9:57  Pylon  
  104  10:00  Pylon, Blink (Chrono Boost)  
  104  10:02  Pylon  
  104  10:04  Pylon  
  104  10:05  Observer (Chrono Boost)  
  105  10:24  Pylon, Assimilator  
  105  10:26  Pylon, Assimilator  
  105  10:27  Pylon  
  105  10:30  Pylon  
  105  10:35  Stalker x3  
  111  10:36  Probe (Chrono Boost)  
  111  10:38  Probe (Chrono Boost)  
  113  10:46  Probe (Chrono Boost)  
  113  10:48  Probe (Chrono Boost)  
  113  10:56  Stalker x3, Probe (Chrono Boost)  
  118  10:58  Stalker, Probe (Chrono Boost)  
  121  11:25  Nexus  
  121  11:28  Pylon  
  121  11:29  Pylon  
  121  11:31  Zealot x4  
  121  11:32  Zealot x3  
  129  11:54  Stalker x4  
  96  12:23  Stalker x2  
  96  12:24  Stalker x5  
Show
View Real Time Build Order
Export as new Build Order

Javert Zerg - Winner!

Build Orders: Hatch First, Lurkers 

Get SALT Encoding   

  12  0:01  Drone  
  13  0:11  Drone  
  14  0:19  Overlord  
  14  0:27  Extractor  
  14  0:28  Extractor  
  12  0:29  Drone  
  12  0:31  Drone  
  16  0:57  Hatchery  
  15  0:58  Drone  
  15  1:00  Drone  
  17  1:06  Drone  
  18  1:18  Extractor  
  17  1:22  Extractor  
  17  1:24  Spawning Pool  
  15  1:30  Drone x2  
  17  1:44  Drone x2  
  19  2:00  Drone  
  20  2:12  Queen x2  
  24  2:18  Overlord  
  24  2:20  Metabolic Boost  
  24  2:25  Drone x3  
  27  2:35  Zergling x2  
  28  2:38  Overlord  
  28  2:48  Drone x2  
  28  2:49  Drone  
  31  2:59  Zergling x4  
  32  3:20  Hatchery  
  32  3:26  Zergling x4  
  32  3:27  Zergling x2  
  34  3:29  Drone  
  34  3:30  Drone x7  
  42  3:45  Drone, Overlord  
  42  4:03  Queen  
  43  4:18  Drone  
  43  4:19  Drone x8  
  51  4:28  Overlord  
  51  4:29  Overlord  
  51  4:34  Lair  
  50  4:40  Roach Warren  
  50  4:41  Extractor  
  50  4:42  Extractor  
  50  4:43  Evolution Chamber, Overlord  
  50  4:45  Evolution Chamber  
  45  4:52  Drone  
  46  4:53  Drone x6  
  52  5:11  Extractor  
  51  5:14  Zerg Missile Weapons Level 1  
  51  5:18  Overlord x2  
  51  5:19  Overlord  
  51  5:21  Roach x7  
  61  5:24  Drone x2  
  67  5:32  Spore Crawler  
  66  5:39  Drone x4, Hydralisk Den  
  66  5:40  Drone x3  
  72  5:47  Overlord  
  72  5:58  Zerg Ground Armor Level 1  
  72  6:00  Drone x12  
  72  6:01  Drone  
  85  6:05  Extractor x2  
  85  6:08  Glial Reconstitution  
  83  6:14  Overlord  
  83  6:17  Muscular Augments  
  83  6:23  Overlord x2  
  83  6:27  Hydralisk x2  
  87  6:34  Drone x4  
  87  6:38  Hydralisk x2  
  87  6:39  Hydralisk  
  97  6:43  Overlord  
  97  6:47  Roach  
  97  6:48  Roach x5  
  97  6:53  Overlord  
  97  6:54  Overlord  
  109  7:00  Hydralisk x3  
  109  7:01  Hydralisk  
  116  7:10  Zergling x12  
  116  7:11  Zergling x8  
  116  7:13  Zerg Missile Weapons Level 2  
  126  7:21  Overlord, Lurker Den  
  126  7:22  Overlord  
  126  7:27  Spine Crawler  
  125  7:31  Drone  
  125  7:32  Drone x5  
  125  7:52  Drone  
  125  7:53  Drone x7  
  125  7:57  Zerg Ground Armor Level 2  
  133  8:05  Infestation Pit  
  132  8:17  Hatchery  
  132  8:18  Extractor x2  
  132  8:19  Drone  
  128  8:20  Drone x10  
  131  8:36  Drone x10  
  141  8:50  Spine Crawler x2  
  141  8:51  Spore Crawler, Spine Crawler  
  137  9:00  Hydralisk x6  
  137  9:01  Hydralisk  
  151  9:09  Burrow  
  135  9:39  Drone x4  
  135  9:40  Drone x9  
  148  9:55  Spine Crawler  
  148  9:57  Spine Crawler  
  148  9:58  Spore Crawler, Spine Crawler  
  144  10:01  Hive  
  144  10:08  Roach x7  
  144  10:09  Roach  
  144  10:12  Overlord  
  160  10:18  Zerg Melee Weapons Level 1  
  160  10:20  Queen  
  162  10:25  Overlord x2  
  162  10:26  Pneumatized Carapace  
  162  10:27  Spine Crawler  
  162  10:28  Spine Crawler  
  160  10:31  Spine Crawler  
  160  10:34  Overlord  
  159  10:38  Queen  
  160  10:55  Spore Crawler  
  159  10:57  Spine Crawler  
  159  10:58  Spine Crawler  
  159  11:00  Spore Crawler  
  159  11:02  Lurker  
  159  11:03  Lurker x13  
  170  11:17  Hydralisk  
  170  11:18  Hydralisk x13  
  172  11:22  Overseer x4  
  198  11:34  Overlord x2  
  165  12:36  Hydralisk  
  163  12:37  Hydralisk x14  
  190  13:04  Hydralisk  
  190  13:05  Hydralisk x3  
  190  13:57  Spire, Ultralisk Cavern  
  190  14:00  Extractor  
  190  14:01  Hatchery  
  190  14:03  Extractor  
Tags
 
Composition
Lurkers
League
GoldGold
Matchup
PvZ
Add a new tag
Caveats
  • Supply blocks, unpowered buildings, or Contaminate may cause inaccurate times.
  • Supply counts are checked every 10 seconds.